 Dungeon Crawl Stone Soup version 0.29.1-13-g9f3cf754e1 (webtiles) character file.

Game seed: 1786400309925365598

44 wolfrpgdude the Trooper (level 3, -1/29 HPs)
             Began as a Human Fighter on Feb 4, 2023.
             Was a Believer of Zin.
             Slain by Terence
             ... wielding a +0 flail
              (4 damage)
             ... on level 2 of the Dungeon.
             The game lasted 00:03:54 (2483 turns).

wolfrpgdude the Trooper (Human Fighter)             Turns: 2483, Time: 00:03:55

Health: -1/29      AC:  9    Str: 18    XL:     3   Next: 87%
Magic:  3/3        EV:  9    Int:  8    God:    Zin [**....]
Gold:   73         SH:  4    Dex: 12    Spells: 2/2 levels left

rFire   . . .      SeeInvis .   l - +1 falchion (vorpal)
rCold   . . .      Faith    .   c - +0 buckler
rNeg    + . .      Spirit   .   b - +0 scale mail
rPois   .          Reflect  .   (no helmet)
rElec   .          Harm     .   m - +0 cloak
rCorr   .          Rampage  .   (no gloves)
Will    .....                   g - +0 pair of boots
Stlth   ..........              (no amulet)
HPRegen 0.09/turn               e - ring of positive energy
MPRegen 0.08/turn               (no ring)

@: no status effects
A: no striking features
a: Renounce Religion, Recite, Vitalisation, Donate Gold


You were on level 2 of the Dungeon.
You worshipped Zin.
Zin was pleased with you.
You visited 1 branch of the dungeon, and saw 2 of its levels.

You collected 81 gold pieces.
You donated 8 gold pieces to Zin.

Inventory:

Hand Weapons
 a - a +0 long sword
 l - a +1 vorpal falchion (weapon)
Armour
 b - a +0 scale mail (worn)
 c - a +0 buckler (worn)
 g - a +0 pair of boots (worn)
 m - a +0 cloak (worn)
Jewellery
 e - a ring of positive energy (left hand)
Scrolls
 i - a scroll of enchant armour {unknown}
 n - a scroll of identify {unknown}
Potions
 d - a potion of might
 h - 2 potions of degeneration {unknown}
 j - a potion of curing
 k - a potion of brilliance {unknown}


   Skills:
 + Level 3.5 Fighting
 + Level 2.6 Long Blades
 + Level 3.2 Armour
 + Level 0.6 Dodging
 + Level 3.2 Shields


You had 2 spell levels left.
You didn't know any spells.
Your spell library contained the following spells:

 Spells                   Type           Power      Damage    Failure   Level
 Static Discharge         Conj/Air       0%         3-3/arc   95%         2
 Dispel Undead            Necr           0%         3d6       100%        4
 Sticky Flame             Conj/Fire      0%         2d3       100%        4


Dungeon Overview and Level Annotations

Branches:
Dungeon (2/15)

Altars:
Wu Jian
Zin

Annotations:
D:2 Terence


Message History

You hit Terence but do no damage.
Terence is severely wounded.
Terence barely misses you.
You barely miss Terence.
Terence is severely wounded.
Terence hits you but does no damage.
You hit Terence.
Terence is almost dead.
Terence hits you with a +0 flail. Terence barely misses you.
You closely miss Terence.
Terence is almost dead.
Terence closely misses you.
You closely miss Terence.
Terence is almost dead.
Terence barely misses you.
You hit Terence but do no damage.
Terence is almost dead.
Terence screams, "I'm going to kill you!"
Terence closely misses you.
You hit Terence but do no damage.
Terence is almost dead.
Terence misses you.
You hit Terence but do no damage.
Terence is almost dead.
Terence hits you with a +0 flail. Terence hits you but does no damage.
You hit Terence but do no damage.
Terence is almost dead.
You block Terence's attack.
You closely miss Terence.
Terence is almost dead.
Terence hits you with a +0 flail.
* * * LOW HITPOINT WARNING * * *
You hit Terence.
Terence is almost dead.
Terence hits you with a +0 flail.
* * * LOW HITPOINT WARNING * * *
You closely miss Terence.
Terence is almost dead.
Terence closely misses you. Terence hits you with a +0 flail.
You die...

.......# .......# ....#
.......# ....### .......#
....... ......(# .......
.......# ....... .......#
.......
...###############.......
...'............@@b......
...###############.......
....###.........# .......
............### ##+####
....###.###.#
....###.###.#
..#.#.......#
#.#.#.#.##.##
†.#.#.#.##..##


You could see Terence and a bat.

Vanquished Creatures
  A worm (D:2)
  4 endoplasms
  2 giant cockroaches
  5 goblins
  7 hobgoblins
  3 quokkas
  4 ball pythons
  3 bats
  3 frilled lizards
  6 rats
38 creatures vanquished.

Notes
Turn   | Place    | Note
-------+----------+-------------------------------------------
     0 | D:1      | wolfrpgdude the Human Fighter began the quest for the Orb.
     0 | D:1      | Reached XP level 1. HP: 18/18 MP: 1/1
   263 | D:1      | Reached XP level 2. HP: 24/24 MP: 2/2
   908 | D:1      | Reached XP level 3. HP: 29/29 MP: 3/3
  1448 | D:1      | Found a faded altar of an unknown god.
  1453 | D:1      | Prayed at the altar of an unknown god.
  1453 | D:1      | Became a worshipper of Zin the Law-Giver
  1453 | D:1      | Reached * piety under Zin
  2133 | D:2      | Reached ** piety under Zin
  2352 | D:2      | Found an ornate altar of the Wu Jian Council.
  2441 | D:2      | Noticed Terence
  2483 | D:2      | Slain by Terence

Illustrated notes

Levels and vault maps discovered:
D:1:      evilmike_arrival_come_back, layout_basic,
          shapermc_ecumenical_altar_petra
D:2:      layout_basic, basic_altar, uniq_terence

Action                   || total
-------------------------++-------
Melee: Long sword        ||   124
       Falchion          ||    44
  Use: Scroll            ||     3
       Potion            ||     1
Armor: Scale mail        ||    74
Dodge: Dodged            ||    71
Block: Buckler           ||    32
